 Dungeon Crawl Stone Soup version 0.30.0-13-g156ef70053 (webtiles) character file.

Game seed: 10055854413745380875

25 SnakkuSnakku7 the Trooper (level 3, -1/22 HPs)
             Began as a Tengu Hexslinger on May 17, 2023.
             Hit by a stone thrown by a kobold (2 damage)
             ... on level 2 of the Dungeon.
             The game lasted 00:01:17 (815 turns).

SnakkuSnakku7 the Trooper (Tengu Hexslinger)         Turns: 815, Time: 00:01:18

Health: -1/22      AC:  2    Str: 12    XL:     3   Next: 6%
Magic:  5/5        EV: 12    Int: 13    God:
Gold:   18         SH:  0    Dex: 14    Spells: 3/4 levels left

rFire   . . .        a - +1 sling
rCold   . . .        (no shield)
rNeg    . . .        c - +0 robe
rPois   .            (helmet restricted)
rElec   .            (no cloak)
rCorr   .            (no gloves)
SInv    .            (boots unavailable)
Will    .....        (no amulet)
Stlth   +            (no ring)
HPRegen 0.23/turn    (no ring)
MPRegen 0.09/turn

%: no passive effects
@: no status effects
A: beak, talons 3
a: no special abilities


You were on level 2 of the Dungeon.
You visited 1 branch of the dungeon, and saw 2 of its levels.

You collected 18 gold pieces.

Inventory:

Hand Weapons
 a - a +1 sling (weapon)
Missiles
 h - 3 poisoned darts
Armour
 c - a +0 robe (worn)
Scrolls
 b - 2 scrolls of poison
 e - a scroll of teleportation {unknown}
 j - a scroll of brand weapon {unknown}
Potions
 d - a potion of invisibility {unknown}
 f - a potion of flight {unknown}
 g - a potion of might {unknown}
 i - a potion of lignification {unknown}
 k - a potion of ambrosia {unknown}


   Skills:
 + Level 2.8 Fighting
 - Level 2.1 Ranged Weapons
 + Level 0.2 Throwing
 - Level 2.1 Dodging
 - Level 1.0 Spellcasting
 - Level 2.1 Hexes


You had 3 spell levels left.
You knew the following spells:

 Your Spells              Type           Power      Damage    Failure   Level
a - Slow                  Hex            24%        N/A       12%         1

Your spell library contained the following spells:

 Spells                   Type           Power      Damage    Failure   Level
 Static Discharge         Conj/Air       0%         2-2/arc   38%         2
 Inner Flame              Hex/Fire       3%         N/A       47%         3
 Portal Projectile        Hex/Tloc       6%         N/A       47%         3
 Cause Fear               Hex            3%         N/A       75%         4
 Airstrike                Air            0%         2d(0-16)  95%         4
 Summon Lightning Spire   Summ/Air       0%         N/A       95%         4


Dungeon Overview and Level Annotations

Branches:
Dungeon (2/15)

Altars:


Innate Abilities, Weirdness & Mutations

You have a beak for a mouth.
You have claws for feet.


Message History

j - a scroll labelled WOWNYS ZOPROCI HP restored.
k - a fizzy black potion
Found an escape hatch in the floor.
A worm comes into view.
A goblin comes into view. It is wielding a +0 club.
The goblin shouts!
The goblin unwields a +0 club.
The goblin wields a +0 sling.
The goblin shoots a sling bullet.
The sling bullet misses you.
You shoot a sling bullet. The sling bullet hits the worm.
The worm is moderately wounded.
A kobold comes into view. It is wielding a +0 whip.
You shoot a sling bullet. The sling bullet hits the worm.
The worm is moderately wounded.
You shoot a sling bullet. The sling bullet hits the worm.
The worm is heavily wounded.
You shoot a sling bullet.
The sling bullet barely misses the worm.
The sling bullet closely misses the goblin.
The worm misses you.
You shoot a sling bullet. The sling bullet hits the worm!
The worm is severely wounded.
The worm closely misses you.
The goblin unwields a +0 sling.
The goblin wields a +0 club.
The goblin hits you with a +0 club.
You shoot a sling bullet. The sling bullet hits the worm.
The worm is almost dead.
The kobold closely misses you. The worm bites you!
Ouch! That really hurt!
The goblin hits you but does no damage.
You are too injured to fight recklessly!
You are too injured to fight recklessly!
You are too injured to fight recklessly!
The kobold attacks as you move away! The kobold hits you with a +0 whip.
The goblin attacks as you move away! The goblin hits you with a +0 club.
* * * LOW HITPOINT WARNING * * *
The goblin unwields a +0 club.
The goblin wields a +0 sling.
The goblin shoots a sling bullet.
The sling bullet hits you.
* * * LOW HITPOINT WARNING * * *
The kobold throws a stone.
The stone hits you.
You die...

#..........#
#..........####....
#............>.....#
##........###......#
#..........#.......##
#...................#
#...................#
#...................#
#......<...@.........
##........#.........#
##......###K......#
#########..wg.....#
#..........
#..........
#..>.......
...........
#.#.......##


You could see a worm, a goblin and a kobold.

Vanquished Creatures
  A gnoll (D:1)
  A worm (D:1)
  A dart slug (D:1)
  2 goblins (D:1)
  A hobgoblin (D:1)
  A kobold (D:1)
  2 quokkas
  A bat (D:1)
  A frilled lizard (D:1)
11 creatures vanquished.

Notes
Turn   | Place    | Note
-------+----------+-------------------------------------------
     0 | D:1      | SnakkuSnakku7 the Tengu Hexslinger began the quest for the
                  | Orb.
     0 | D:1      | Reached XP level 1. HP: 12/12 MP: 3/3
    54 | D:1      | Reached XP level 2. HP: 17/17 MP: 4/4
   109 | D:1      | Found a faded altar of an unknown god.
   574 | D:1      | Reached XP level 3. HP: 14/22 MP: 5/5
   814 | D:2      | HP: 1/22 [goblin/sling bullet (5)]
   815 | D:2      | Hit by a stone thrown by a kobold

Illustrated notes

Levels and vault maps discovered:
D:1:      dpeg_arrival_brainrot, layout_loops_ring, basic_ecumenical_altar,
          minivault_19, nicolae_grassy_gnolls
D:2:      layout_rooms, interstate_on_off, grunt_ministairs_2

Skill      XL: |  1 |
---------------+----+-----
Fighting       | 2 |  2.8
Ranged Weapons | |  2.1
Throwing       | |  0.2
Dodging        | |  2.1
Spellcasting   | |  1.0
Hexes          | |  2.1

Action                     || total
---------------------------++-------
   Fire: Sling             ||    70
 Armour: Robe              ||    10
  Dodge: Dodged            ||    25
